 Dungeon Crawl Stone Soup version 0.27-a0-972-gd1521fd518 (webtiles) character file.

Game seed: 5248235414803093904

11 Alarkh the Insei (level 2, 21/21 HPs)
             Began as a Demonspawn Transmuter on Apr 13, 2021.
             Got out of the dungeon alive.
             The game lasted 00:00:40 (240 turns).

Alarkh the Insei (Demonspawn Transmuter)             Turns: 240, Time: 00:00:41

Health: 21/21      AC:  2    Str: 10    XL:     2   Next: 13%
Magic:  5/5        EV: 12    Int: 14    God:
Gold:   0          SH:  0    Dex: 13    Spells: 4/5 levels left

rFire    . . .     SeeInvis .     - Unarmed
rCold    . . .     Faith    .   (no shield)
rNeg     . . .     Spirit   .   a - +0 robe
rPois    .         Reflect  .   (no helmet)
rElec    .         Harm     .   (no cloak)
rCorr    .         Rampage  .   (no gloves)
Will     .....                  (no boots)
Stlth    +.........             (no amulet)
HPRegen  0.07/turn              (no ring)
MPRegen  0.09/turn              (no ring)

@: no status effects
A: powered by pain 1
a: no special abilities


You escaped.
You visited 1 branch of the dungeon, and saw 1 of its levels.

Inventory:

Armour
 a - a +0 robe (worn)
Scrolls
 b - a scroll of noise {unknown}
Potions
 c - a potion of curing {unknown}
 d - a potion of ambrosia {unknown}


   Skills:
 + Level 1.2 Fighting
 - Level 1.7 Dodging
 * Level 3.0 Unarmed Combat
 + Level 2.1 Spellcasting
 + Level 2.0 Transmutations


You had 4 spell levels left.
You knew the following spells:

 Your Spells              Type           Power      Damage    Failure   Level
a - Beastly Appendage     Tmut           14%        N/A       11%         1

Your spell library contained the following spells:

 Spells                   Type           Power      Damage    Failure   Level
 Wereblood                Tmut           7%         N/A       16%         2
 Spider Form              Tmut/Pois      2%         N/A       43%         3
 Ice Form                 Ice/Tmut       4%         N/A       83%         4
 Hydra Form               Tmut           3%         N/A       96%         5


Dungeon Overview and Level Annotations

Branches:
Dungeon (1/15)

Altars:


Innate Abilities, Weirdness & Mutations

You sometimes gain a little power by taking damage.


Message History

Unknown command.
A jackal comes into view.
Found 8 gold pieces.
Your transformation is almost over.
Casting: Beastly Appendage (safe; 11% risk of failure)
Confirm with . or Enter, or press ? or * to list all spells.
You extend your transformation's duration.
Unknown command.
You barely miss the jackal. Your kick misses the jackal.
Your headbutt misses the jackal. The jackal barely misses you.
The jackal closely misses you.
You barely miss the jackal. The jackal barely misses you.
You hit the jackal.
You kill the jackal!
You have reached level 2!
Your demonic ancestry asserts itself...
You feel energised by your suffering.
You closely miss the jackal. Your kick misses the jackal.
Your headbutt misses the jackal. The jackal closely misses you.
You hit the jackal.
You kill the jackal!
You barely miss the quokka. The quokka closely misses you.
You closely miss the quokka.
Your transformation is almost over.
The quokka bites you. The quokka completely misses you.
You hit the quokka but do no damage. Your kick misses the quokka.
The quokka barely misses you.
You hit the quokka. Your kick misses the quokka. You headbutt the quokka.
You kill the quokka!
Your Unarmed Combat skill increases to level 3!
Your Transmutations skill increases to level 2!
Things that are here:
a quokka corpse; a jackal corpse Unknown command.
Your horns disappear.
Your talons disappear.
You see here a +0 whip.
There is an open door here.
There is a staircase leading out of the dungeon here.
Are you sure you want to leave the Dungeon?
This will make you lose the game!
You have escaped!

#+###'# #.# .# #.≈#≈.# #.###.#
#.≈≈≈.# #.....##. #.≈8≈.#
####..... #.....# #.####
#♣...♣# #.##.. #.#P♣.♣P#
#.##.# #.##P.P## #.##.# #
#.#P#@#P#########.##[# #.
##### #.##.♣.##............#
#.##...#
#..#♣#♣##.........####
.......# #.## #.........#
.......######..#####.........#
.......†...#.................#
..##...###.#.................#
.....................#########
.####................#


There were no monsters in sight!

Vanquished Creatures
  2 ball pythons (D:1)
  2 giant cockroaches (D:1)
  2 jackals (D:1)
  A kobold (D:1)
  A quokka (D:1)
  A frilled lizard (D:1)
9 creatures vanquished.

Notes
Turn   | Place    | Note
-------+----------+-------------------------------------------
     0 | D:1      | Alarkh the Demonspawn Transmuter began the quest for the
                  | Orb.
     0 | D:1      | Reached XP level 1. HP: 15/15 MP: 3/3
   181 | D:1      | Gained mutation: You sometimes gain a little power by
                  | taking damage. [demonic ancestry]
   181 | D:1      | Reached XP level 2. HP: 18/21 MP: 3/5
   187 | D:1      | Reached skill level 3 in Unarmed Combat
   240 | D:$      | Got out of the dungeon alive.

Illustrated notes

Levels and vault maps discovered:
D:1:      tarquinn_simple_flora_water_d, layout_basic,
          hellmonk_ecumenical_altar_blasted

Skill      XL: |  1  2 |
---------------+-------+-----
Unarmed Combat | 3 |  3.0
Transmutations | 2 |  2.0
Fighting       | |  1.2
Dodging        | |  1.7
Spellcasting   | |  2.1

Action                   || total
-------------------------++-------
Melee: Unarmed           ||    21
       Headbutt          ||     3
       Kick              ||     1
 Cast: Beastly Appendage ||     5
Armor: Robe              ||     2
Dodge: Dodged            ||    14

Table legend: (Time is in decaauts)
 A = Elapsed time spent in this place.
 B = Non-inter-level travel time spent in this place.
 C = Inter-level travel time spent in this place.
 D = Time resting spent in this place.
 E = Time spent auto-exploring this place.
 F = Levels seen in this place.
 G = Mean time per level.
                   A        B        C        D        E       F      G
               +--------+--------+--------+--------+--------+-----+--------+
         Total |    238 |    189 |     49 |      0 |    134 |   1 |  238.0 |
       Dungeon |    238 |    189 |     49 |      0 |    134 |   1 |  238.0 |
               +--------+--------+--------+--------+--------+-----+--------+

Top non-repeatable levels by time:
     D:1: 238 daAuts
